 Dungeon Crawl Stone Soup version 0.22-a0-389-g8519d86 (webtiles) character file.

112 Kairos the Shield-Bearer (level 4, 24/24 HPs)
             Began as a Vine Stalker Fighter on Apr 30, 2018.
             Quit the game on level 2 of the Dungeon.
             The game lasted 00:02:29 (1730 turns).

Kairos the Shield-Bearer (Vine Stalker Fighter)     Turns: 1730, Time: 00:02:30

Health: 24/24      AC:  7    Str: 19    XL:     4   Next: 93%
Magic:  5/5        EV:  7    Int:  8    God:
Gold:   102        SH:  9    Dex: 14    Spells: 3/3 levels left

rFire    . . .     SeeInvis .   a - +0 war axe
rCold    . . .     Gourm    .   c - +0 shield
rNeg     . . .     Faith    .   b - +0 scale mail
rPois    .         Spirit   +   e - +0 helmet
rElec    .         Reflect  .   (no cloak)
rCorr    +         Harm     .   (no gloves)
MR       .....                  (no boots)
Stlth    ..........             (no amulet)
HPRegen  0.48/turn              g - ring of resist corrosion
MPRegen  0.09/turn              (no ring)

@: no status effects
A: fangs 2, regeneration 1, magic shield, antimagic bite, no potion heal 3, rot
immunity
a: no special abilities


You were on level 2 of the Dungeon.
You were hungry.

You visited 1 branch of the dungeon, and saw 2 of its levels.

You collected 102 gold pieces.

Inventory:

Hand Weapons
 a - a +0 war axe (weapon)
Missiles
 k - 2 tomahawks (quivered)
Armour
 b - a +0 scale mail (worn)
 c - a +0 shield (worn)
 e - a +0 helmet (worn)
Jewellery
 g - a ring of resist corrosion (left hand)
Potions
 d - a potion of might
Comestibles
 f - 6 rations


   Skills:
 + Level 3.2 Fighting
 + Level 3.0 Axes
 + Level 2.8 Armour
 + Level 0.9 Dodging
 + Level 3.2 Shields


You had 3 spell levels left.
You didn't know any spells.

Dungeon Overview and Level Annotations

Branches:
Dungeon (2/15)

Altars:
Uskayaw
Wu Jian


Innate Abilities, Weirdness & Mutations

You have extremely sharp teeth.
Your natural rate of healing is unusually fast.
When hurt, damage is shared between your health and your magic reserves.
Your bite disrupts and absorbs the magic of your enemies.
Potions cannot restore your health.
You are immune to rotting.


Message History

Done exploring.
No target in view!
Done exploring.
No target in view!
As you read the scroll labeled XUVUKL GYRADGH, it crumbles to dust.
You feel blessed for a moment.
It was a scroll of remove curse.
It was a potion of curing.
That felt strangely inert.
It was a potion of lignification.
You turn into a tree.
Your +0 helmet melds into your body.
Your +0 scale mail melds into your body.
Your roots penetrate the ground.
You start waiting.
Your transformation is almost over.
You start waiting.
You feel less wooden.
Your +0 helmet unmelds from your body.
Your +0 scale mail unmelds from your body.
You start waiting.
Done waiting.
Are you sure you want to abandon this character and quit the game? (Confirm with "yes".)

##############
#............#
#.##########.# #.#
#....# # #@#
###.#..##### #†#
#...#....... #.#
#.#####.....
#.#####...#...####
#.....<..#########
######..##≈≈≈≈≈≈≈≈
#.##≈≈≈≈≈≈≈≈≈
###≈≈≈≈≈≈≈≈≈≈
##≈≈≈≈≈≈≈≈≈≈≈


There were no monsters in sight!

Vanquished Creatures
  4 adders (D:2)
  An ooze (D:2)
  3 worms (D:2)
  3 dart slugs
  4 leopard geckos
  4 giant cockroaches
  8 goblins
  7 hobgoblins
  A quokka (D:2)
  4 bats
  4 frilled lizards
  4 kobolds
  8 rats
55 creatures vanquished.

Notes
Turn   | Place    | Note
-------+----------+-------------------------------------------
     0 | D:1      | Kairos the Vine Stalker Fighter began the quest for the Orb.
     0 | D:1      | Reached XP level 1. HP: 11/11 MP: 2/2
   152 | D:1      | Reached XP level 2. HP: 2/16 MP: 3/3
   602 | D:1      | Reached XP level 3. HP: 17/20 MP: 4/4
   888 | D:2      | Found a hide-covered altar of Uskayaw.
   937 | D:2      | Gained mutation: Your natural rate of healing is unusually fast. [Vine Stalker growth]
   937 | D:2      | Reached XP level 4. HP: 23/24 MP: 5/5
  1032 | D:2      | Found an ornate altar of the Wu Jian Council.
  1730 | D:2      | Quit the game

Vault maps used:
D:1:      tarquinn_simple_flora_water_f, minmay_surrounded
D:2:      kennysheep_big_flooded_room, lemuel_crystal_altar, marbit_many_paths,
          first_ration

Skill      XL: |  1  2  3  4 |
---------------+-------------+-----
Fighting       | 3 |  3.2
Axes           | 2 3 |  3.0
Shields        | 3 |  3.2
Armour         | |  2.8
Dodging        | |  0.9

Action                   |  1- 3 |  4- 6 || total
-------------------------+-------+-------++-------
Melee: War axe           |    98 |    53 ||   151
       Bite              |    28 |    15 ||    43
  Use: Potion            |     3 |     2 ||     5
       Scroll            |       |     1 ||     1
  Eat: Chunk             |       |     2 ||     2
Armor: Scale mail        |    51 |    32 ||    83
Dodge: Dodged            |    39 |    15 ||    54
Block: Shield            |    53 |    24 ||    77

Table legend:
 A = Spawn XP
 B = Non-spawn XP
 C = Spawn XP percentage of total XP
 D = Spawn monster count
 E = Non-spawn monster count
 F = Spawn count percentage of total count
 G = Total turns spent on level
                    A         B        C        D         E        F      G
               +---------+---------+-------+---------+---------+-------+---------
         Total |       0 |     160 |   0.0 |       0 |      55 |   0.0 |  1730
               +---------+---------+-------+---------+---------+-------+---------
           D:1 |       0 |      47 |   0.0 |       0 |      25 |   0.0 |   764
           D:2 |       0 |     113 |   0.0 |       0 |      30 |   0.0 |   966
               +---------+---------+-------+---------+---------+-------+---------
